 Dungeon Crawl Stone Soup version 0.21-a0-538-gd16b88afdd (webtiles) character file.

680507 MirrMurr the Slayer (level 27, 0/222 HPs)
             Began as a Halfling Berserker on Dec 16, 2017.
             Was an Elder of Trog.
             Slain by Hyareawn the pandemonium lord (9 damage)
             ... on level 10 of the Dungeon.
             The game lasted 04:43:26 (87289 turns).

MirrMurr the Slayer (Halfling Berserker)           Turns: 87289, Time: 04:43:26

Health: 0/222      AC: 44    Str: 30      XL:     27
Magic:  27/27      EV: 27    Int:  4 (5)  God:    Trog [****..]
Gold:   5040       SH: 28    Dex: 20      Spells: 26/26 levels left

rFire    + + +     SeeInvis +   a - +9 demon blade (freeze)
rCold    + + +     Gourm    .   g - +2 shield of Resistance {rF+ rC+ MR+}
rNeg     . . .     Faith    .   J - +8 gold dragon scales
rPois    +         Spirit   .   D - +3 crown of Dyrovepreva {rElec Int+2 SInv}
rElec    +         Reflect  +   R - scarf {rC+ rF+}
rCorr    .         Harm     .   y - +2 pair of gloves
MR       +++..                  s - +2 pair of boots of the Assassin {Detection Stab+ Stlth++}
Stlth    ..........             e - brooch of Shielding {Reflect SH+8}
HPRegen  0.47/turn              (no ring)
MPRegen  0.20/turn              v - +3 ring of slaying

@: mighty, hasted, very quick
A: small, dopey 1, mutation resistance 1
0: Orb of Zot
}: 3/15 runes: serpentine, barnacled, silver
a: Berserk, Trog's Hand, Brothers in Arms, Burn Spellbooks, Renounce Religion


You were on level 10 of the Dungeon.
You worshipped Trog.
Trog was greatly pleased with you.
You were very full.

You visited 10 branches of the dungeon, and saw 50 of its levels.
You visited the Abyss 1 time.
You visited 1 bazaar.
You also visited: Bailey, Ice Cave and Volcano.

You collected 10217 gold pieces.
You spent 5177 gold pieces at shops.

Inventory:

Hand Weapons
 a - a +9 demon blade of freezing (weapon)
 b - a +9 fustibalus of flaming
Missiles
 q - 129 sling bullets
 L - 15 throwing nets (quivered) {!f}
Armour
 g - the +2 shield of Resistance (worn) {rF+ rC+ MR+}
   (You found it on level 5 of the Depths)

   It protects you from fire.
   It protects you from cold.
   It affects your resistance to hostile enchantments.
 s - the +2 pair of boots of the Assassin (worn) {Detection Stab+ Stlth++}
   (You acquired it on level 5 of the Vaults)

   It makes you much more stealthy.
 y - a +2 pair of gloves (worn)
 D - the +3 crown of Dyrovepreva (worn) {rElec Int+2 SInv}
   (You found it on level 3 of the Elven Halls)

   It affects your intelligence (+2).
   It insulates you from electricity.
   It lets you see invisible.
 J - +8 gold dragon scales (worn)
 R - a scarf of resistance (worn)
Jewellery
 e - the brooch of Shielding (around neck) {Reflect SH+8}
   (You found it on level 3 of the Lair of Beasts)

   [amulet of reflection]

   It shields you and reflects attacks.
   It affects your SH (+8).
 k - an uncursed ring of resist corrosion
 o - a +5 ring of protection
 v - a +3 ring of slaying (right hand)
Wands
 z - a wand of iceblast (77)
 A - a wand of paralysis (71)
 H - a wand of acid (57)
 S - a wand of digging (32)
 Y - a wand of clouds (9)
Scrolls
 i - 8 scrolls of identify
 r - 26 scrolls of remove curse
 u - 18 scrolls of teleportation
 w - a scroll of enchant weapon
 x - 2 scrolls of immolation
 E - 12 scrolls of fog
 G - a scroll of summoning
 O - 4 scrolls of silence
 P - 13 scrolls of fear
 T - 4 scrolls of blinking
 U - 4 scrolls of magic mapping
Potions
 h - 7 potions of resistance
 l - 6 potions of mutation
 m - 5 potions of flight
 n - 25 potions of curing
 B - 4 potions of might
 Q - 3 potions of invisibility
 V - 7 potions of agility
 W - 6 potions of cancellation
Miscellaneous
 f - a sack of spiders
 I - a lamp of fire
 K - 2 boxes of beasts
 Z - 3 phantom mirrors
Comestibles
 c - 22 bread rations
 d - 35 meat rations


   Skills:
 * Level 26.6 Fighting
 - Level 14.0 Long Blades
 - Level 14.0 Slings
 + Level 24.2 Armour
 + Level 24.3 Dodging
 * Level 19.4 Shields
 - Level 5.5 Evocations


You had 26 spell levels left.
You didn't know any spells.

Dungeon Overview and Level Annotations

Branches:
Dungeon (15/15)            Temple (1/1) D:4            Lair (6/6) D:8
 Shoals (4/4) Lair:3        Snake (4/4) Lair:3        Slime (0/5) Lair:6
    Orc (2/2) D:10            Elf (3/3) Orc:2        Vaults (5/5) D:14
  Crypt (0/3) Vaults:3     Depths (5/5) D:15            Zot (5/5) Depths:5

Altars:
Dithmenos
Elyvilon
Gozag
Qazlal
Sif Muna
Vehumet
Beogh

Shops:
D:5 (   D:6 *   D:8 ?   D:10 ?%[=(   D:11 %   Orc:2 !:((   Elf:3 *
Shoals:3 =*   Shoals:4 =   Snake:2 (   Snake:3 :=   Snake:4 =*(*   Depths:2 *
Depths:3 (%   Depths:5 }=}

Portals:
Hell: Depths:1 Depths:2 Depths:3 Depths:4 Depths:5
Abyss: Depths:2 Depths:4
Pandemonium: Depths:3
Ziggurat: Depths:2

Annotations:
Elf:2 2 runed doors


Innate Abilities, Weirdness & Mutations

You are small and have problems with some larger weapons.
You are somewhat resistant to further mutation.
You are dopey. (Int -2)


Message History

You block the tormentor's attack.
You slice Hyareawn!! You freeze Hyareawn.
Hyareawn is moderately wounded.
The hellwing misses you. You block the hellwing's attack.
Your ogre misses Hyareawn. You block Hyareawn's attack.
Unknown command.
You slice Hyareawn!! You freeze Hyareawn.
Hyareawn is heavily wounded.
You block the tormentor's attack. x2
Unknown command.
You barely miss Hyareawn.
Hyareawn is heavily wounded.
You block Hyareawn's attack. The hellwing completely misses you.
You block the hellwing's attack.
Your ogre misses Hyareawn.
Unknown command.
You hit Hyareawn.
Hyareawn is heavily wounded.
You block the tormentor's attack. x2; Hyareawn hits you but does no damage.
You writhe in agony.
You die...

#.# #.......... ###### #.#
#.......... .....# ##.#
###8###8##. ####'### #..# ###
####. .......# #.## ######8.
.).....# #####'#########....##.
.......#####.........#...'....##.
.......#...'.........+.###....##.
.......'.###...O@....### #....#8.
.∩.....### #...2&4...# #....##.
######## #####'##### #....†..
##..# #....... ##..## ######..
#..## ####...# #
##.############....... #
#...........#.'....... #
#..>.......8..#..<....


You could see Hyareawn, a hellwing, a tormentor and a friendly ogre (berserk).

Vanquished Creatures
  3 orbs of fire (Zot:5)
  3 juggernauts
  5 ancient liches (Zot:5)
  2 Killer Klowns (Zot:5)
  Vashnia (Snake:2)
  Margery (Depths:3)
  3 caustic shrikes
  2 curse toes
  A bone dragon (Depths:5)
  10 golden dragons
  A Brimstone Fiend (Zot:5)
  5 liches
  A Hell Sentinel (Zot:5)
  3 electric golems (Zot:5)
  18 tentacled monstrosities
  Rupert (Lair:3)
  Asterion (Vaults:1)
  26 Orb Guardians
  2 deep elf blademasters (Elf:3)
  7 titans
  3 quicksilver dragons
  A sphinx (shapeshifter) (Vaults:5)
  12 sphinxes
  A tentacled starspawn (Abyss:2)
  A deep elf master archer (Elf:3)
  9 death cobs
  Frances (Snake:1)
  12 shadow dragons
  A kraken (Shoals:2)
  4 draconian monks
  Roxanne (Snake:1)
  An ancient champion (Depths:1)
  17 storm dragons
  Kirke (Shoals:3)
  Ilsuiw (Shoals:4)
  6 tengu reavers
  Donald (Elf:2)
  16 fire giants
  A revenant (Abyss:2)
  14 frost giants
  8 nagarajas (Snake:4)
  10 deep elf sorcerers
  2 orc warlords
  6 draconian knights
  A balrug (D:15)
  A ghost moth (shapeshifter) (Vaults:5)
  4 draconian stormcallers
  4 iron dragons
  Aizul (Snake:1)
  5 ghost moths
  17 vault wardens
  8 draconian scorchers
  7 draconian shifters
  9 deep elf elementalists
  3 spriggan defenders
  20 very ugly things
  7 draconian annihilators
  2 entropy weavers
  19 ironheart preservers
  14 green draconians
  18 stone giants
  14 black draconians
  4 deep elf demonologists
  11 purple draconians
  7 vampire knights
  5 deep elf annihilators
  12 white draconians
  19 yellow draconians
  13 red draconians
  3 spark wasps
  17 ettins
  2 merfolk javelineers (Shoals:4)
  Snorg (D:10)
  8 merfolk impalers
  19 fire dragons
  4 deep elf death magi
  The ghost of meguca the Bludgeoner, a journeyman MiBe of Trog (Lair:3)
  36 vault guards
  4 deep elf high priests
  16 yaktaur captains
  Josephine (Lair:6)
  10 great orbs of eyes
  Harold (D:11)
  14 hydras
  A catoblepas (Lair:6)
  7 spriggan air magi
  13 ice dragons
  20 naga warriors
  46 two-headed ogres
  8 merfolk aquamancers
  9 rakshasas
  2 anacondas (shapeshifter)
  3 death knights
  A hell beast (Depths:1)
  4 alligator snapping turtles
  4 merfolk avatars
  10 centaur warriors
  5 anacondas
  23 dancing weapons
  7 deep troll earth magi
  18 ogre magi
  8 death yaks
  6 deep troll shamans
  4 shock serpents
  A hell hog (Volcano)
  9 tengu warriors
  4 thrashing horrors (Abyss:2)
  11 hell knights
  20 naga sharpshooters
  2 spriggan berserkers (Depths:5)
  2 vampire magi
  10 deep elf knights
  The ghost of libidonplus the Zephyrmancer, a novice TeSu of Okawaru (D:11)
  A shadow wraith (Vaults:4)
  3 wretched stars (Abyss:2)
  4 salamander mystics
  An iron troll (Depths:1)
  A sixfirhy (Abyss:2)
  15 skeletal warriors
  A wizard (Depths:3)
  17 deep trolls
  9 sea snakes
  2 unseen horrors (shapeshifter)
  7 unseen horrors
  5 naga ritualists
  A flayed ghost (Depths:5)
  12 harpies
  12 orc knights
  A tengu zombie (Vaults:4)
  5 necromancers
  15 deep elf archers
  3 glowing orange brains
  Pikel (D:6)
  19 ironbrand convokers
  A stone giant zombie (Vaults:4)
  6 phantasmal warriors
  48 deep elf magi
  A fire giant zombie (Vaults:4)
  9 mana vipers
  41 ugly things
  A faun (shapeshifter) (Vaults:3)
  A shadow dragon skeleton (Vaults:4)
  A mana viper (shapeshifter) (Vaults:4)
  3 wolf spiders
  9 cyclopes
  23 manticores
  26 moths of wrath
  9 merfolk sirens
  19 salamanders
  2 centaur zombies
  A molten gargoyle (Volcano)
  31 black mambas
  12 elephants
  A fire giant skeleton (Vaults:4)
  3 guardian serpents
  Maurice (D:8)
  25 naga magi
  2 ice statues (IceCv)
  A water nymph (shapeshifter) (Depths:3)
  A rust devil (Depths:5)
  15 spiny frogs
  2 water nymphs (Shoals:4)
  Joseph (D:7)
  A guardian serpent (shapeshifter) (Depths:4)
  A gargoyle (D:15)
  18 vault sentinels
  Psyche (D:9)
  An eye of devastation (shapeshifter) (Depths:4)
  2 smoke demons (Abyss:2)
  A storm dragon simulacrum (Vaults:4)
  An orange demon (D:15)
  3 komodo dragons
  A tormentor (Depths:3)
  6 freezing wraiths
  An ice devil (Depths:1)
  A yaktaur (shapeshifter) (Elf:1)
  37 yaktaurs
  3 tengu conjurers
  4 rime drakes
  3 red devils
  2 polar bears
  A yaktaur skeleton (Vaults:4)
  3 ancient zymes (Abyss:2)
  5 trolls
  Grinder (D:6)
  10 hornets
  26 merfolk
  4 wind drakes
  A jumping spider (Vaults:1)
  A jumping spider (shapeshifter) (Depths:4)
  2 trolls (shapeshifter)
  2 meliai (shapeshifter)
  A blink frog (shapeshifter) (Vaults:5)
  31 slime creatures
  A meliai zombie (D:15)
  A polar bear (shapeshifter) (Depths:3)
  10 raiju (Abyss:2)
  Prince Ribbit (D:8)
  15 blink frogs
  12 hippogriffs
  8 snapping turtles
  21 dream sheep
  A raiju (shapeshifter) (Vaults:5)
  An ettin skeleton (Vaults:4)
  Sigmund (D:4)
  2 centaur simulacra
  13 redbacks
  A spriggan (shapeshifter) (Vaults:2)
  5 spriggans
  14 water elementals
  9 air elementals
  3 shadows (D:15)
  6 wraiths
  A ynoxinul (Abyss:2)
  10 hogs
  58 yaks
  Eustachio (D:6)
  3 humans (shapeshifter)
  A wyvern (D:8)
  10 fire bats (Volcano)
  6 fire elementals
  3 neqoxecs
  A human (D:7)
  4 vampire mosquitoes (D:13)
  8 basilisks
  3 chaos spawn
  2 hungry ghosts
  A yaktaur simulacrum (Vaults:4)
  3 steam dragons (Volcano)
  An elf skeleton (Vaults:4)
  3 large abominations (Abyss:2)
  5 wargs
  An insubstantial wisp (Abyss:2)
  5 small abominations (Abyss:2)
  46 nagas
  3 acid dragons
  14 hell hounds
  A soldier ant (D:10)
  Duvessa (D:5)
  3 floating eyes (Depths:3)
  10 porcupines
  17 water moccasins
  A floating eye (shapeshifter) (Vaults:4)
  3 black bears
  59 orc warriors
  2 elephant zombies (Lair:3)
  28 ice beasts
  3 sky beasts
  A phantom (D:11)
  An eye of draining (D:9)
  A slave (D:6)
  A wolf (shapeshifter) (Vaults:5)
  4 boggarts
  2 necrophages
  24 wolves
  23 centaurs
  51 ogres
  13 crocodiles
  15 bullfrogs
  6 big kobolds
  A bullfrog (shapeshifter) (Depths:3)
  Dowan (D:5)
  A wyvern zombie (D:11)
  6 earth elementals
  A glowing shapeshifter simulacrum (Vaults:1)
  2 water moccasin zombies
  A wyvern skeleton (D:7)
  3 scorpions
  2 human simulacra
  19 killer bees
  7 wights
  4 electric eels
  4 howler monkeys
  7 lava snakes
  8 crimson imps
  9 jellies
  9 hounds
  2 quasits
  21 orc priests
  3 centaur skeletons
  34 orc wizards
  Crazy Yiuf (D:6)
  2 iguanas
  Natasha (thrice) (D:2)
  15 worker ants
  A crocodile zombie (Lair:3)
  A hound zombie (D:5)
  A hound skeleton (D:5)
  A worker ant zombie (D:7)
  13 adders
  3 shadow imps
  4 ufetubi
  An ooze (D:4)
  3 adder skeletons (D:7)
  2 worms
  4 dart slugs
  4 leopard geckos
  122 orcs
  4 ball pythons
  8 bats
  5 giant cockroaches
  10 goblins
  A hobgoblin (D:3)
  9 jackals
  35 kobolds
  6 quokkas
  3 frilled lizards
  A jackal skeleton (D:5)
  7 rats
  A fire vortex (D:14)
  A lurking horror (Abyss:2)
  4 tentacles (Shoals:2)
2462 creatures vanquished.

Vanquished Creatures (collateral kills)
  A curse toe (Zot:5)
  An Orb Guardian (Zot:5)
  A revenant (Vaults:3)
  A vault warden (Vaults:4)
  2 ironheart preservers
  A black draconian (Zot:1)
  A red draconian (Zot:1)
  A yaktaur captain (Vaults:1)
  3 anacondas (Snake:2)
  A two-headed ogre (Vaults:4)
  A satyr (Shoals:4)
  A naga sharpshooter (Snake:4)
  A skeletal warrior (Vaults:1)
  A sea snake (Shoals:1)
  An ironbrand convoker (Vaults:1)
  A deep elf mage (Vaults:4)
  A manticore (Shoals:1)
  A merfolk siren (Shoals:4)
  5 yaktaurs
  A merfolk (Shoals:4)
  A wind drake (Shoals:4)
  3 dream sheep (Shoals:1)
  A snapping turtle (Shoals:4)
  A hippogriff (Shoals:4)
  An orc warrior (Vaults:1)
  6 ogres
40 creatures vanquished.

Vanquished Creatures (others)
  A deep elf master archer (Elf:3)
  A vault warden (Vaults:5)
  2 stone giants
  2 merfolk javelineers (Shoals:4)
  8 yaktaur captains
  A naga warrior (Snake:4)
  2 centaur warriors
  An ogre mage (Depths:2)
  2 naga sharpshooters
  3 deep elf archers
  An orc sorcerer (Vaults:3)
  A necromancer (Abyss:2)
  3 cyclopes
  3 moths of wrath (Zot:5)
  10 yaktaurs
  A slime creature (Depths:2)
  An air elemental (Elf:3)
  A water elemental (Elf:3)
  4 orc warriors
  5 centaurs
  2 orc wizards
  2 orcs (Orc:2)
  15 fungi
  20 plants
  2 starspawn tentacles (Abyss:2)
  13 tentacles (Shoals:2)
107 creatures vanquished.

Grand Total: 2609 creatures vanquished

Notes
Turn   | Place    | Note
-------+----------+-------------------------------------------
     0 | D:1      | MirrMurr the Halfling Berserker began the quest for the Orb.
     0 | D:1      | Reached XP level 1. HP: 15/15 MP: 1/1
    67 | D:1      | Reached XP level 2. HP: 17/20 MP: 2/2
   487 | D:1      | Reached XP level 3. HP: 25/25 MP: 3/3
   679 | D:1      | Reached skill level 3 in Fighting
  1064 | D:2      | Reached ** piety under Trog
  1282 | D:2      | Noticed Natasha
  1292 | D:2      | Killed Natasha
  1292 | D:2      | Reached XP level 4. HP: 24/31 MP: 4/4
  1388 | D:2      | Noticed Natasha
  1397 | D:2      | Killed Natasha
  1397 | D:2      | Reached XP level 5. HP: 36/36 MP: 5/5
  1616 | D:2      | You fall through a shaft for 2 floors!
  1930 | D:3      | Reached XP level 6. HP: 42/42 MP: 6/6
  2206 | D:2      | Noticed Natasha
  2221 | D:2      | Killed Natasha
  2856 | D:4      | Found a staircase to the Ecumenical Temple.
  2865 | Temple   | Entered the Ecumenical Temple
  2924 | D:4      | Reached skill level 5 in Long Blades
  2931 | D:4      | Reached XP level 7. HP: 36/47 MP: 7/7
  3313 | D:4      | Noticed Sigmund
  3341 | D:4      | Killed Sigmund
  3341 | D:4      | Reached skill level 4 in Fighting
  3809 | D:4      | Reached XP level 8. HP: 54/54 MP: 8/8
  3980 | D:5      | Entered Level 5 of the Dungeon
  4038 | D:5      | Found an opulent altar of Gozag.
  4075 | D:5      | Reached *** piety under Trog
  4306 | D:5      | Reached skill level 5 in Dodging
  4402 | D:5      | Reached skill level 5 in Armour
  4908 | D:5      | Found Iloageut's Antique Weapon Shop.
  4913 | D:5      | Bought a glowing falchion for 120 gold pieces
  5126 | D:5      | Reached skill level 5 in Fighting
  5435 | D:6      | Found a runed door.
  5504 | D:6      | Noticed Eustachio
  5527 | D:6      | Killed Eustachio
  5527 | D:6      | Reached XP level 9. HP: 55/61 MP: 9/9
  5570 | D:6      | Noticed Duvessa
  5570 | D:6      | Noticed Dowan
  5753 | D:5      | Killed Duvessa
  5755 | D:5      | Killed Dowan
  5889 | D:6      | Found Joufiseb's Assorted Antiques.
  5897 | D:6      | Bought a buckler for 130 gold pieces
  6022 | D:6      | Noticed Pikel
  6023 | D:6      | Noticed Grinder
  6044 | D:6      | Killed Pikel
  6048 | D:6      | Paralysed by Grinder for 3 turns
  6058 | D:6      | Killed Grinder
  6058 | D:6      | Reached skill level 6 in Fighting
  6218 | D:6      | Noticed Crazy Yiuf
  6224 | D:6      | Killed Crazy Yiuf
  6224 | D:6      | Reached XP level 10. HP: 60/68 MP: 10/10
  6709 | D:5      | Bought a hunting sling for 30 gold pieces
  6838 | D:7      | Reached **** piety under Trog
  6843 | D:7      | Reached skill level 1 in Slings
  6984 | D:7      | Reached skill level 10 in Long Blades
  7211 | D:7      | Noticed Joseph
  7250 | D:7      | Killed Joseph
  7443 | D:8      | Reached skill level 5 in Slings
  7519 | D:8      | Reached skill level 7 in Fighting
  7529 | D:8      | Reached XP level 11. HP: 75/75 MP: 11/11
  7534 | D:8      | Reached skill level 5 in Shields
  7539 | D:8      | Noticed Prince Ribbit
  7577 | D:8      | Found a staircase to the Lair.
  7589 | D:8      | Killed Prince Ribbit
  7665 | D:8      | Reached ***** piety under Trog
  7971 | D:8      | Noticed a two-headed ogre
  7982 | D:8      | Killed a two-headed ogre
  8289 | D:8      | Noticed a two-headed ogre
  8301 | D:8      | Killed a two-headed ogre
  8364 | D:8      | Found Ymopoefu's Magic Scroll Shop.
  8456 | D:8      | Noticed Maurice
  8472 | D:8      | Killed Maurice
  8744 | D:9      | Received a gift from Trog
  8843 | D:9      | Noticed a two-headed ogre
  8847 | D:9      | Killed a two-headed ogre
  9022 | D:9      | Noticed a seven-headed hydra
  9035 | D:9      | Killed a three-headed hydra
  9035 | D:9      | Reached XP level 12. HP: 35/82 MP: 12/12
  9316 | D:9      | Reached skill level 10 in Slings
  9331 | D:9      | Reached skill level 8 in Fighting
  9411 | D:9      | Noticed Psyche
  9426 | D:9      | Killed Psyche
  9656 | D:10     | Entered Level 10 of the Dungeon
  9694 | D:10     | Found Mihixt's Antique Weapon Shop.
 10141 | D:10     | Received a gift from Trog
 10315 | D:10     | Got an iridescent falchion
 10316 | D:10     | Identified the +11 falchion "Fufucsip" {protect, rElec rC+ MP+9 Stlth+} (You found it on level 10 of the Dungeon)
 10342 | D:10     | Found Henoasal's Magic Scroll Emporium.
 10356 | D:10     | Found a staircase to the Orcish Mines.
 10405 | D:10     | Found Tagokea's Food Shop.
 10442 | D:10     | Killed an unseen horror
 10460 | D:10     | Found Basegil's Armour Boutique.
 10582 | D:10     | Noticed Snorg
 10596 | D:10     | Killed Snorg
 10802 | D:10     | Found Maneosor's Jewellery Shop.
 11212 | D:11     | Killed an unseen horror
 11425 | D:11     | Reached XP level 13. HP: 89/89 MP: 12/13
 11747 | D:11     | Found a stormy altar of Qazlal.
 11769 | D:11     | Noticed Harold
 11795 | D:11     | Killed Harold
 11957 | D:11     | Found Zuzurphe's Food Shoppe.
 12157 | D:11     | Noticed libidonplus's ghost (novice TeSu)
 12173 | D:11     | Killed libidonplus's ghost
 12269 | Lair:1   | Entered Level 1 of the Lair of Beasts
 12525 | Lair:1   | Noticed a four-headed hydra
 12535 | Lair:1   | Killed a one-headed hydra
 12535 | Lair:1   | Reached skill level 9 in Fighting
 12753 | Lair:1   | Received a gift from Trog
 12776 | Lair:1   | Noticed a four-headed hydra
 12782 | Lair:1   | Killed a four-headed hydra
 12896 | Lair:1   | Received a gift from Trog
 13545 | Lair:2   | Found a dark tunnel.
 13554 | Volcano  | Entered a volcano
 13787 | Volcano  | Noticed a fire dragon
 13824 | Volcano  | Found a radiant altar of Vehumet.
 13849 | Volcano  | Killed a fire dragon
 14511 | Lair:2   | Reached XP level 14. HP: 97/97 MP: 14/14
 14918 | Lair:2   | Received a gift from Trog
 15121 | Lair:3   | Found a staircase to the Shoals.
 15136 | Lair:3   | Reached ****** piety under Trog
 15314 | Lair:3   | Received a gift from Trog
 15326 | Lair:3   | Found a frozen archway.
 15352 | IceCv    | Entered an ice cave
 16297 | Lair:3   | Reached skill level 10 in Fighting
 16315 | Lair:3   | Found a staircase to the Snake Pit.
 16363 | Lair:3   | Noticed meguca's ghost (journeyman MiBe)
 16410 | Lair:3   | Killed meguca's ghost
 16476 | Lair:3   | Noticed Rupert
 16483 | Lair:3   | Killed Rupert
 16483 | Lair:3   | Reached skill level 10 in Armour
 16483 | Lair:3   | Reached skill level 10 in Dodging
 16586 | Lair:3   | Found the brooch of Shielding {Reflect SH+8}
 17230 | Lair:4   | Received a gift from Trog
 17475 | Lair:4   | Reached XP level 15. HP: 93/105 MP: 15/15
 17888 | Lair:5   | Received a gift from Trog
 18072 | Lair:5   | Reached skill level 11 in Fighting
 18629 | Lair:6   | Entered Level 6 of the Lair of Beasts
 18646 | Lair:6   | Found a staircase to the Slime Pits.
 18738 | Lair:6   | Received a gift from Trog
 19322 | Lair:6   | Noticed Josephine
 19341 | Lair:6   | Killed Josephine
 20078 | Lair:6   | Reached skill level 5 in Evocations
 20078 | Lair:6   | Reached XP level 16. HP: 114/114 MP: 15/20
 20611 | Lair:6   | Received a gift from Trog
 20611 | Lair:6   | Reached skill level 12 in Fighting
 21084 | D:12     | Reached XP level 17. HP: 119/119 MP: 21/21
 22590 | D:13     | Found a flagged portal.
 22599 | Bailey   | Entered a bailey
 22742 | Bailey   | Received a gift from Trog
 22872 | Bailey   | Received a gift from Trog
 23976 | D:14     | Found a gate to the Vaults.
 25206 | D:15     | Entered Level 15 of the Dungeon
 25590 | D:15     | Reached skill level 13 in Fighting
 25609 | D:15     | Found a staircase to the Depths.
 25934 | D:15     | Found a white marble altar of Elyvilon.
 26304 | Orc:1    | Entered Level 1 of the Orcish Mines
 26327 | Orc:2    | Entered Level 2 of the Orcish Mines
 26327 | Orc:2    | Found a staircase to the Elven Halls.
 26454 | Orc:2    | Received a gift from Trog
 26506 | Orc:2    | Received a gift from Trog
 26540 | Orc:2    | Found Ytiwyu Tuse's Book Shoppe.
 26540 | Orc:2    | Found Otiheep's Weapon Boutique.
 26542 | Orc:2    | Found Tyeph's Antique Weapon Shop.
 26544 | Orc:2    | Found Estroulu's Distillery.
 26670 | Orc:2    | Reached XP level 18. HP: 128/128 MP: 22/22
 27180 | Orc:1    | Found a roughly hewn altar of Beogh.
 27183 | Orc:1    | Received a gift from Trog
 28067 | Shoals:1 | Entered Level 1 of the Shoals
 28105 | Shoals:1 | Received a gift from Trog
 28561 | Shoals:1 | Received a gift from Trog
 29619 | Shoals:2 | Noticed a kraken
 30035 | Shoals:2 | Killed a kraken
 30264 | Shoals:3 | Reached skill level 14 in Fighting
 30284 | Shoals:3 | Found Founyuh's Jewellery Emporium.
 30336 | Shoals:3 | Bought the ring of the Firefly {*Corrode rPois Int+3 Dex+2} for 510 gold pieces
 30337 | Shoals:3 | Bought the ring "Degg" {rF+ AC+4} for 1000 gold pieces
 30556 | Shoals:3 | Reached skill level 15 in Dodging
 30599 | Shoals:3 | Noticed Kirke
 30606 | Shoals:3 | Killed Kirke
 30653 | Shoals:3 | Reached skill level 15 in Armour
 30802 | Shoals:3 | Found Salaoxtyrch's Assorted Antiques.
 30815 | Shoals:3 | Bought a curved glass wand for 108 gold pieces
 31068 | Shoals:4 | Entered Level 4 of the Shoals
 31360 | Shoals:4 | Received a gift from Trog
 31397 | Shoals:4 | Got a pair of twisted gloves
 31398 | Shoals:4 | Identified the cursed +0 pair of gloves of Springtime {+Fly} (You found it on level 4 of the Shoals)
 31437 | Shoals:4 | Found Ycamathej's Jewellery Boutique.
 31485 | Shoals:4 | Bought an uncursed ring of see invisible for 255 gold pieces
 31612 | Shoals:4 | Reached XP level 19. HP: 76/137 MP: 23/23
 31838 | Shoals:4 | Got a barnacled rune of Zot
 32284 | Shoals:4 | Noticed Ilsuiw
 32299 | Shoals:4 | Killed Ilsuiw
 32299 | Shoals:4 | Reached skill level 15 in Fighting
 32968 | Shoals:4 | Received a gift from Trog
 33807 | Snake:1  | Entered Level 1 of the Snake Pit
 33923 | Snake:1  | Noticed Aizul
 33947 | Snake:1  | Received a gift from Trog
 33950 | Snake:1  | Killed Aizul
 34303 | Snake:1  | Noticed Frances
 34313 | Snake:1  | Killed Frances
 34474 | Snake:1  | Noticed Roxanne
 34499 | Snake:1  | Killed Roxanne
 34976 | Snake:2  | Found Axzec's Antique Weapon Shoppe.
 35108 | Snake:2  | Found a shadowy altar of Dithmenos.
 35164 | Snake:2  | Received a gift from Trog
 35331 | Snake:2  | Reached skill level 16 in Fighting
 35586 | Snake:2  | Noticed Vashnia
 35643 | Snake:2  | Killed Vashnia
 35643 | Snake:2  | Received a gift from Trog
 35643 | Snake:2  | Reached XP level 20. HP: 106/148 MP: 24/24
 36468 | Snake:2  | Received a gift from Trog
 36928 | Snake:3  | Found Voishuos's Jewellery Shop.
 38123 | Snake:3  | Found Gutapri's Book Shop.
 38250 | Snake:4  | Entered Level 4 of the Snake Pit
 38250 | Snake:4  | Found Vawkelow's Weapon Emporium.
 38270 | Snake:4  | Found Yzeas's General Store.
 38270 | Snake:4  | Found Zoath's Jewellery Shoppe.
 38273 | Snake:4  | Found Yrasa's General Store.
 38279 | Snake:4  | Bought a potion of haste for 170 gold pieces
 38285 | Snake:4  | Bought the ring "Vegg" {rElec rN+ Dex-2 SInv} for 522 gold pieces
 38803 | Snake:4  | Received a gift from Trog
 39028 | Snake:3  | Received a gift from Trog
 39717 | Snake:4  | Reached skill level 17 in Fighting
 40826 | Snake:4  | Received a gift from Trog
 41089 | Snake:4  | Got a serpentine rune of Zot
 41476 | Vaults:1 | Entered Level 1 of the Vaults
 41862 | Vaults:1 | Reached XP level 21. HP: 155/157 MP: 25/25
 42646 | Vaults:1 | Noticed Asterion
 42681 | Vaults:1 | Killed Asterion
 43253 | Vaults:1 | Reached skill level 18 in Fighting
 43311 | Vaults:1 | Received a gift from Trog
 43773 | Vaults:1 | Received a gift from Trog
 43994 | Vaults:1 | Got a jewelled scimitar {protect}
 43995 | Vaults:1 | Identified the +11 scimitar "Fogryim" {protect, +Blink +Inv MR-} (You took it off an ironheart preserver on level 1 of the Vaults)
 44605 | Vaults:2 | Reached XP level 22. HP: 167/167 MP: 26/26
 45341 | Vaults:2 | Received a gift from Trog
 45847 | Vaults:2 | Received a gift from Trog
 46492 | Vaults:3 | Reached skill level 19 in Fighting
 47270 | Vaults:3 | Paralysed by an orc sorcerer for 7 turns
 47672 | Vaults:3 | Found a staircase to the Crypt.
 47709 | Vaults:3 | Received a gift from Trog
 48117 | Vaults:4 | Paralysed by a sphinx for 2 turns
 48121 | Vaults:4 | Received a gift from Trog
 48584 | Vaults:4 | Reached XP level 23. HP: 58/176 MP: 27/27
 49023 | Vaults:4 | Reached skill level 20 in Fighting
 49323 | Vaults:4 | Received a gift from Trog
 49765 | Vaults:4 | Received a gift from Trog
 50251 | Depths:1 | Entered Level 1 of the Depths
 51080 | Depths:1 | Found a gateway to Hell.
 51387 | Depths:1 | Received a gift from Trog
 51477 | Depths:1 | Reached XP level 24. HP: 167/185 MP: 27/27
 52682 | Depths:2 | Found Naka's Assorted Antiques.
 52701 | Depths:2 | Received a gift from Trog
 52706 | Depths:2 | Bought a runed buckler for 165 gold pieces
 52706 | Depths:2 | Bought a glowing sapphire ring for 110 gold pieces
 52706 | Depths:2 | Bought a scroll of enchant weapon for 165 gold pieces
 52706 | Depths:2 | Bought a scroll of blinking for 165 gold pieces
 52781 | Depths:2 | Found a gateway to a ziggurat.
 52865 | Depths:2 | Found a one-way gate to the infinite horrors of the Abyss.
 53073 | Depths:2 | Reached skill level 21 in Fighting
 54229 | Depths:3 | Got a translucent brass ring
 54232 | Depths:3 | Identified the ring of Wisdom {rElec MR+ Str+10 Stlth-} (You found it on level 3 of the Depths)
 54380 | Depths:3 | Received a gift from Trog
 54576 | Depths:3 | Paralysed by a floating eye for 3 turns
 54667 | Depths:3 | Received a gift from Trog
 54800 | Depths:3 | Identified the ring of Ohohaij {MR+ Str+4} (You took it off a vampire knight on level 3 of the Depths)
 54942 | Depths:3 | Noticed a caustic shrike
 54951 | Depths:3 | Killed a caustic shrike
 55383 | Depths:3 | Found Bykiesav's Food Emporium.
 55511 | Depths:3 | Reached XP level 25. HP: 152/194 MP: 27/27
 55544 | Depths:3 | Identified the ring of Tept {Wiz rC+ Str+3} (You took it off a skeletal warrior on level 3 of the Depths)
 55561 | Depths:3 | Noticed a juggernaut
 56026 | Depths:3 | Killed a juggernaut
 56189 | Depths:3 | Found Liqaun's Weapon Emporium.
 56246 | Depths:3 | Noticed Margery
 56265 | Depths:3 | Killed Margery
 56350 | Depths:3 | Found a one-way gate leading to the halls of Pandemonium.
 56388 | Depths:3 | Got a twitching pewter ring
 56397 | Depths:3 | Identified the ring "Caoqos" {rF+ rC+++ MR+ Str-4 Int+2} (You took it off a hell knight on level 3 of the Depths)
 56643 | Depths:4 | Reached skill level 22 in Fighting
 57254 | Depths:4 | Received a gift from Trog
 57314 | Depths:4 | Noticed a caustic shrike
 57402 | Depths:4 | Killed a caustic shrike
 57465 | Depths:4 | Noticed a juggernaut
 57486 | Depths:4 | Killed a juggernaut
 58497 | Depths:4 | Noticed a juggernaut
 58521 | Depths:4 | Killed a juggernaut
 58793 | Depths:4 | Identified the +5 hunting sling of Exquisite Torment {flame, rN+ Int+5} (You found it on level 4 of the Depths)
 59686 | Depths:5 | Entered Level 5 of the Depths
 59692 | Depths:5 | Noticed a caustic shrike
 59700 | Depths:4 | Received a gift from Trog
 59700 | Depths:4 | Reached XP level 26. HP: 203/203 MP: 27/27
 60351 | Depths:5 | Received a gift from Trog
 60488 | Depths:5 | Found the +2 shield of Resistance {rF+ rC+ MR+}
 60502 | Depths:5 | Received a gift from Trog
 60583 | Depths:5 | Reached skill level 23 in Fighting
 60691 | Depths:5 | Received a gift from Trog
 61067 | Depths:5 | Found a gate to the Realm of Zot.
 61677 | Depths:5 | Found Vifer's Gadget Shop.
 61678 | Depths:5 | Found Kiofijo's Jewellery Shoppe.
 61679 | Depths:5 | Found Xiemilaa's Gadget Shop.
 62058 | D:10     | Bought 3 scrolls of enchant weapon for 382 gold pieces
 62086 | Elf:1    | Entered Level 1 of the Elven Halls
 62464 | Elf:1    | Received a gift from Trog
 62995 | Elf:1    | Found a deep blue altar of Sif Muna.
 63453 | Elf:2    | Noticed Donald
 63466 | Elf:2    | Killed Donald
 63478 | Elf:2    | Found a flickering gateway to a bazaar.
 63490 | Bazaar   | Entered a bazaar
 63507 | Bazaar   | Found Uphinit's Gadget Emporium.
 63522 | Bazaar   | Found Puugge Xazi's Distillery.
 63537 | Bazaar   | Found Ekhlymp's Assorted Antiques.
 63537 | Bazaar   | Found Ohej's Jewellery Shoppe.
 63558 | Bazaar   | Found Hotzax's Food Emporium.
 63558 | Bazaar   | Found Anes's Magic Scroll Shoppe.
 63609 | Bazaar   | Bought a scroll of enchant weapon for 97 gold pieces
 63673 | Bazaar   | Bought a wand of digging (12) for 288 gold pieces
 63693 | Bazaar   | Bought a potion of haste for 80 gold pieces
 63698 | Bazaar   | Bought a potion of agility for 32 gold pieces
 63740 | Bazaar   | Bought a scroll of silence for 97 gold pieces
 64170 | Elf:2    | Found a runed door.
 64209 | Elf:2    | Found a runed door.
 64301 | Elf:2    | Reached XP level 27. HP: 212/212 MP: 27/27
 64485 | Elf:3    | Entered Level 3 of the Elven Halls
 64506 | Elf:3    | Received a gift from Trog
 64565 | Elf:3    | Cast into level 2 of the Abyss (a deep elf sorcerer)
 64707 | Abyss:2  | Received a gift from Trog
 65367 | Elf:3    | Escaped the Abyss
 65473 | Elf:3    | Found a radiant altar of Vehumet.
 65815 | Elf:3    | Found Uprur's Assorted Antiques.
 65944 | Elf:3    | Received a gift from Trog
 66201 | Elf:3    | Reached skill level 10 in Shields
 66705 | Elf:3    | Identified the ring "Oqefop" {rElec rC+ Dex+5} (You took it off a deep elf annihilator on level 3 of the Elven Halls)
 66706 | Elf:3    | Identified the +7 scimitar of Malaise {slice, MR+} (You took it off a deep elf annihilator on level 3 of the Elven Halls)
 66722 | Elf:3    | Received a gift from Trog
 66753 | Elf:3    | Found the +3 crown of Dyrovepreva {rElec Int+2 SInv}
 67703 | Vaults:5 | Entered Level 5 of the Vaults
 67714 | Vaults:5 | Received a gift from Trog
 67767 | Vaults:4 | Reached skill level 24 in Fighting
 68338 | Vaults:5 | Received a gift from Trog
 69337 | D:10     | Bought a scroll of immolation for 59 gold pieces
 69410 | D:8      | Bought a scroll of immolation for 42 gold pieces
 69985 | Vaults:5 | Received a gift from Trog
 70495 | Vaults:5 | Received a gift from Trog
 70899 | Vaults:5 | Identified the +7 fustibalus of Tender Mercy {venom, rF+ SInv} (You found it on level 5 of the Vaults)
 71124 | Vaults:5 | Got a silver rune of Zot
 71221 | Vaults:5 | Identified a scroll of acquirement
 71504 | Vaults:5 | Received a gift from Trog
 71508 | Vaults:5 | Found the +2 pair of boots of the Assassin {Detection Stab+ Stlth++}
 72017 | Zot:1    | Entered Level 1 of the Realm of Zot
 74608 | Zot:1    | Received a gift from Trog
 75535 | Zot:2    | Reached skill level 25 in Fighting
 75695 | Zot:2    | Reached skill level 15 in Shields
 75870 | Zot:2    | Received a gift from Trog
 76765 | Zot:2    | Received a gift from Trog
 79433 | Zot:4    | Received a gift from Trog
 81164 | Zot:5    | Entered Level 5 of the Realm of Zot
 81415 | Zot:5    | Noticed an orb of fire
 81453 | Zot:5    | Gained mutation: Your spells are a little easier to cast, but a little less powerful. [an orb of fire]
 81457 | Zot:5    | Killed an orb of fire
 82231 | Zot:5    | Noticed an ancient lich
 82253 | Zot:5    | Killed an ancient lich
 82294 | Zot:5    | Received a gift from Trog
 82294 | Zot:5    | Reached skill level 26 in Fighting
 82307 | Zot:5    | Noticed an ancient lich
 82331 | Zot:5    | Killed an ancient lich
 82357 | Zot:5    | Identified the +3 demon blade of Qics {elec, rF- Int+6} (Trog gifted it to you on level 5 of the Realm of Zot)
 82458 | Zot:5    | Lost mutation: Your spells are a little easier to cast, but a little less powerful. [a Zot trap]
 82491 | Zot:5    | Noticed an orb of fire
 82511 | Zot:5    | Gained mutation: You are dopey. (Int -2) [an orb of fire]
 82516 | Zot:5    | Killed an orb of fire
 82618 | Zot:5    | Noticed an ancient lich
 82620 | Zot:5    | Noticed an ancient lich
 83501 | Shoals:3 | Bought a potion of heal wounds for 135 gold pieces
 83671 | D:6      | Bought a potion of heal wounds for 145 gold pieces
 83671 | D:6      | Bought a potion of haste for 290 gold pieces
 83817 | Orc:2    | Bought a potion of heal wounds for 80 gold pieces
 84395 | Zot:5    | Killed an ancient lich
 85304 | Zot:5    | Noticed an ancient lich
 85324 | Zot:5    | Killed an ancient lich
 85358 | Zot:5    | Noticed an orb of fire
 85434 | Zot:5    | Killed an orb of fire
 85577 | Zot:5    | Killed an ancient lich
 86795 | Zot:5    | Got the Orb of Zot
 86840 | Zot:5    | Received a gift from Trog
 87124 | D:15     | Noticed Ywku the pandemonium lord
 87144 | D:15     | Noticed Keqo the pandemonium lord
 87252 | D:11     | Noticed Hyareawn the pandemonium lord
 87279 | D:10     | HP: 10/222 [Hyareawn the pandemonium lord (2)]
 87285 | D:10     | HP: 10/222 [Hyareawn the pandemonium lord (1)]
 87289 | D:10     | Slain by Hyareawn the pandemonium lord

Vault maps used:
D:1:      saegor_arrival_simple_a, st_stairs_12
D:2:      uniq_natasha
D:4:      minmay_wonky_spiral, minmay_temple_entry_glass, first_bread,
          uniq_sigmund
D:5:      nicolae_overflow_hidden_temple, serial_shops, kennysheep_little_box
D:6:      serial_shops, shop, uniq_crazy_yiuf_cottage, uniq_pikel, uniq_grinder,
          uniq_eustachio, uniq_duvessa
D:7:      grunt_livestock, wad_floor_pattern_1, uniq_joseph
D:8:      david_lair_generic, serial_shops, kennysheep_mini,
          uniq_prince_ribbit1, uniq_maurice
D:9:      uniq_psyche
D:10:     orc_0_dummy, serial_corexii_hall, corexii_hall_statues_l,
          corexii_hall_statues_x, serial_shops, shop, kennysheep_mini_moat,
          nicolae_shop_waterfront, shop_statue, shop, uniq_snorg
D:11:     serial_shops, nicolae_shop_statue_plus, basic_altar,
          minmay_misc_feat_chi, uniq_harold
D:12:     minmay_goldmine
D:13:     enter_bailey_3, spider_trap
D:14:     erik_vaults_1, kennysheep_island_fort
D:15:     grunt_enter_depths_hoard, elyvilon_altar_4
Temple:   roderic_octagonal_lattice_temple
Lair:2:   enter_volcano_1, grunt_megastairs_3
Lair:3:   pond_and_an_island_with_a_cottage, elwin_shoals_entry_stream,
          minmay_snake_entry_guardpost_small, portal_ice_cave_entry_ice_beasts,
          uniq_rupert
Lair:4:   serial_bayou_shore_a, grunt_megastairs_4
Lair:5:   bh_chokoban, grunt_megastairs_2, lemuel_fruit_fields,
          infiniplex_staircase_pool_2
Lair:6:   grunt_lair_end_beastmaster, dpeg_slime_entry_corner, st_stairs_12,
          lemuel_fruit_tree, uniq_josephine
Shoals:1: cheibrodos_shoals_baths
Shoals:2: nicolae_shoals_siren_and_animal_friends
Shoals:3: serial_shops, shop, shop_fountains, uniq_kirke
Shoals:4: shoals_end_hangedman, shoal_ilsuiw, serial_shops, shop,
          nicolae_shoals_mertower
Snake:1:  serial_bayou_shore_b, uniq_roxanne, uniq_frances, uniq_aizul
Snake:2:  basic_altar, serial_shops, nicolae_shop_crystal, uniq_vashnia
Snake:3:  serial_shops, shop_statue, shop
Snake:4:  snake_pit, minmay_shoptagon
Orc:1:    basic_altar
Orc:2:    st_orc_rangers, nicolae_orc_tapped_out
Elf:1:    eino_elf_arrival_sip, basic_altar, evilmike_minifort
Elf:2:    serial_shops, bzr_entry_road, uniq_donald
Elf:3:    grunt_elf_hall_asides, serial_shops, shop, basic_altar
Vaults:1: hangedman_vaults_capsules, v_misc_19,
          nicolae_vaults_network_periphery, v_misc_25,
          vaults_standard_mumra_enter_the_diamond, vaults_room_hallway,
          dpeg_vaults_waves, ontoclasm_vaults_claustrophobia,
          nicolae_vaults_what_the_h, nicolae_vaults_diagonal_hallway_8,
          vaults_room_fours, uniq_asterion
Vaults:2: vaults_dpeg_spiral, nicolae_vaults_halls_meeting, vaults_room_fours,
          nicolae_vaults_three_branches, nicolae_vaults_rhombus_6,
          vaults_room_fours
Vaults:3: minmay_crypt_entry_simple_sparse, nicolae_vaults_diagonal_hallway_9,
          vaults_standard_mumra_lines, hangedman_vaults_nails,
          ontoclasm_vaults_loading_screen, dpeg_vaults_monster_row,
          nicolae_vaults_c_with_doors, grunt_vaults_diagonal, v_misc_30,
          v_misc_24, hangedman_vaults_locks, vaults_room_hallway, v_misc_27
Vaults:4: ontoclasm_vaults_decontamination, vaults_room_glass_cross,
          vaults_mumra_chevron, ontoclasm_vaults_chip, v_misc_33,
          hangedman_vaults_pinch, hangedman_vaults_stretched_pinwheel,
          nicolae_vaults_diagonal_hallway_6, nicolae_vaults_alarming,
          serial_ice_b, nicolae_vaults_border_crossing
Depths:1: special_room, kennysheep_path_1, grunt_mini_vestibule,
          grunt_decor_arrowhead, dispersion_dpeg
Depths:2: four-leaf_vault, enter_ziggurat_b, hell_entry,
          hangedman_abyss_entry_splay, serial_shops, shop
Depths:3: hangedman_spin_cycle, hell_entry, pan_entry
Depths:4: minmay_the_grid_octo_tiled_octocenter, infiniplex_staircase_spiral,
          pf_vacation_house_of_asmodeus, abyss_entry
Depths:5: evilmike_zot_entry_diamond, lightli_enter_wizlab_magi_temple,
          hell_entry, minmay_shop_grove, infiniplex_staircase_pool_lava,
          serial_bayou_shore_b, kennysheep_random_hallway
Zot:2:    st_stairs_6, hangedman_zot_diagonal_lockstep, grunt_ministairs_15,
          lemuel_baited_zot_trap
Zot:4:    st_stairs_7, grunt_ministairs_1
Abyss:2:  onia_ninara_dug_in_and_dangerous
Bazaar:   bazaar_long_row
Bailey:   bailey_polearm_4, bailey
IceCv:    ice_cave_small_dragons
Volcano:  volcano_grotto

Skill      XL: |  1  2  3  4  5  6  7  8  9 10 11 12 13 14 15 16 17 18 19 20 21 22 23 24 25 26 27 |
---------------+----------------------------------------------------------------------------------+-----
Fighting       | 3 4 5 6 7 8 9 10 11 12 13 14 16 17 18 19 20 21 22 23 26 | 26.6
Long Blades    | 4 5 6 7 9 10 11 12 13 14 | 14.0
Armour         | 3 4 5 6 7 8 10 12 14 15 16 17 18 19 20 21 24 | 24.2
Dodging        | 3 4 5 6 7 8 10 12 14 15 16 17 18 19 20 21 24 | 24.3
Shields        | 2 4 5 8 19 | 19.4
Slings         | 5 9 12 13 14 | 14.0
Evocations     | 5 |  5.5

Action                   |  1- 3 |  4- 6 |  7- 9 | 10-12 | 13-15 | 16-18 | 19-21 | 22-24 | 25-27 || total
-------------------------+-------+-------+-------+-------+-------+-------+-------+-------+-------++-------
Melee: Falchion          |    94 |   198 |   308 |   448 |   500 |    52 |       |       |       ||  1600
       Fustibalus        |       |       |       |       |     2 |       |       |       |       ||     2
       Scimitar          |       |       |       |       |    11 |   565 |   578 |   441 |   276 ||  1871
       Demon blade       |       |       |       |       |       |       |       |       |  1447 ||  1447
 Fire: Hunting sling     |       |       |       |   115 |       |       |       |       |       ||   115
       Fustibalus        |       |       |       |   222 |   690 |   822 |  1161 |  1474 |  2560 ||  6929
Throw: Stone             |       |       |     8 |       |       |       |       |       |       ||     8
Invok: Trog's Hand       |     1 |     2 |     2 |     2 |     2 |     1 |     9 |    26 |    36 ||    81
       Berserk           |       |     2 |     1 |     2 |     4 |     3 |     4 |     1 |     4 ||    21
       Burn Spellbooks   |       |       |       |     1 |     4 |     1 |     3 |     4 |     8 ||    21
       Brothers in Arms  |       |       |       |       |       |     1 |     6 |     4 |     6 ||    17
Evoke: Wand              |       |       |       |       |       |       |    13 |       |     5 ||    18
       Lamp of fire      |       |       |       |       |       |       |     1 |       |       ||     1
  Use: Scroll            |     2 |     2 |     7 |     7 |    13 |    17 |    11 |    18 |    61 ||   138
       Potion            |       |       |       |       |     1 |     2 |     2 |     1 |    21 ||    27
 Stab: Sleeping          |     4 |       |       |       |       |       |       |       |       ||     4
  Eat: Chunk             |     1 |     8 |    14 |    16 |    25 |    25 |    30 |    34 |    33 ||   186
       Royal jelly       |       |       |       |     2 |       |     4 |       |       |    15 ||    21
       Fruit             |       |       |       |       |     7 |     6 |    23 |     8 |    28 ||    72
       Bread ration      |       |       |       |       |       |       |       |     1 |     9 ||    10
Armor: Animal skin       |    11 |       |       |       |       |       |       |       |       ||    11
       Plate armour      |    19 |   118 |   177 |   260 |   230 |   287 |   215 |   144 |       ||  1450
       Fire dragon scale |       |       |       |       |       |       |       |    96 |   305 ||   401
       Gold dragon scale |       |       |       |       |       |       |       |       |   358 ||   358
Dodge: Dodged            |    77 |    96 |   169 |   201 |   296 |   418 |   484 |   502 |  1371 ||  3614
Block: Buckler           |       |       |     6 |   133 |   276 |   521 |   630 |   591 |   674 ||  2831
       Reflection        |       |       |       |       |       |    60 |   103 |    68 |   121 ||   352
       Shield            |       |       |       |       |       |       |       |       |  1527 ||  1527
       Rpst.: Falchion   |    30 |    34 |    52 |    48 |    50 |     6 |       |       |       ||   220
       Scimitar          |       |       |       |       |     1 |    60 |    65 |    43 |    39 ||   208
       Demon blade       |       |       |       |       |       |       |       |       |   118 ||   118

Table legend:
 A = Spawn XP
 B = Non-spawn XP
 C = Spawn XP percentage of total XP
 D = Spawn monster count
 E = Non-spawn monster count
 F = Spawn count percentage of total count
 G = Total turns spent on level
                    A         B        C        D         E        F      G
               +---------+---------+-------+---------+---------+-------+---------
         Total |   17766 | 1726599 |   1.0 |      42 |    2491 |   1.7 | 87289
               +---------+---------+-------+---------+---------+-------+---------
           D:1 |       0 |      45 |   0.0 |       0 |      25 |   0.0 |  1086
           D:2 |       0 |     133 |   0.0 |       0 |      11 |   0.0 |   827
           D:3 |       0 |      92 |   0.0 |       0 |      26 |   0.0 |   696
           D:4 |       0 |     771 |   0.0 |       0 |      33 |   0.0 |  1487
           D:5 |       0 |    1341 |   0.0 |       0 |      26 |   0.0 |  1585
           D:6 |       0 |    1558 |   0.0 |       0 |      11 |   0.0 |   856
           D:7 |       0 |    3151 |   0.0 |       0 |      43 |   0.0 |  1060
           D:8 |       0 |    5801 |   0.0 |       0 |      53 |   0.0 |  1453
           D:9 |       0 |    4903 |   0.0 |       0 |      37 |   0.0 |  1170
          D:10 |       0 |    7271 |   0.0 |       0 |      64 |   0.0 |  1870
          D:11 |       0 |    6527 |   0.0 |       0 |      47 |   0.0 |  1420
          D:12 |       0 |    4931 |   0.0 |       0 |      42 |   0.0 |  1232
          D:13 |       0 |   11355 |   0.0 |       0 |      36 |   0.0 |  1855
          D:14 |       0 |   12831 |   0.0 |       0 |      29 |   0.0 |  1869
          D:15 |       0 |   18307 |   0.0 |       0 |      43 |   0.0 |  1666
        Lair:1 |       0 |    5990 |   0.0 |       0 |      21 |   0.0 |  1409
        Lair:2 |       0 |    4093 |   0.0 |       0 |      24 |   0.0 |  1077
        Lair:3 |       0 |   11416 |   0.0 |       0 |      41 |   0.0 |  1410
        Lair:4 |       0 |    9738 |   0.0 |       0 |      27 |   0.0 |   921
        Lair:5 |       0 |   11721 |   0.0 |       0 |      45 |   0.0 |   965
        Lair:6 |       0 |   24567 |   0.0 |       0 |      66 |   0.0 |  1922
      Shoals:1 |       0 |   10048 |   0.0 |       0 |      29 |   0.0 |  1225
      Shoals:2 |       0 |   11851 |   0.0 |       0 |      20 |   0.0 |  1115
      Shoals:3 |       0 |   19869 |   0.0 |       0 |      42 |   0.0 |  1405
      Shoals:4 |       0 |   41371 |   0.0 |       0 |      74 |   0.0 |  2057
       Snake:1 |       0 |   22733 |   0.0 |       0 |      35 |   0.0 |  1221
       Snake:2 |       0 |   32804 |   0.0 |       0 |      48 |   0.0 |  2347
       Snake:3 |       0 |   10223 |   0.0 |       0 |      19 |   0.0 |  2521
       Snake:4 |       0 |   51932 |   0.0 |       0 |      80 |   0.0 |  1723
         Orc:1 |       0 |    3220 |   0.0 |       0 |      37 |   0.0 |   796
         Orc:2 |       0 |    5225 |   0.0 |       0 |      53 |   0.0 |   954
         Elf:1 |       0 |   27710 |   0.0 |       0 |      43 |   0.0 |  1366
         Elf:2 |       0 |   19583 |   0.0 |       0 |      28 |   0.0 |   842
         Elf:3 |       0 |   61773 |   0.0 |       0 |      67 |   0.0 |  1658
      Vaults:1 |       0 |   60499 |   0.0 |       0 |     111 |   0.0 |  2757
      Vaults:2 |       0 |   38153 |   0.0 |       0 |      52 |   0.0 |  1893
      Vaults:3 |       0 |   48257 |   0.0 |       0 |      67 |   0.0 |  2270
      Vaults:4 |       0 |  113965 |   0.0 |       0 |     153 |   0.0 |  4420
      Vaults:5 |       0 |  152704 |   0.0 |       0 |     133 |   0.0 |  1429
      Depths:1 |       0 |   60964 |   0.0 |       0 |      69 |   0.0 |  1760
      Depths:2 |       0 |   41434 |   0.0 |       0 |      47 |   0.0 |  2048
      Depths:3 |       0 |   88161 |   0.0 |       0 |      86 |   0.0 |  2189
      Depths:4 |       0 |   94870 |   0.0 |       0 |      72 |   0.0 |  2864
      Depths:5 |       0 |   83510 |   0.0 |       0 |      75 |   0.0 |  2262
         Zot:1 |       0 |   67857 |   0.0 |       0 |      46 |   0.0 |  3611
         Zot:2 |       0 |   79025 |   0.0 |       0 |      45 |   0.0 |  2164
         Zot:3 |       0 |   50908 |   0.0 |       0 |      38 |   0.0 |  1803
         Zot:4 |       0 |   52386 |   0.0 |       0 |      31 |   0.0 |  1950
         Zot:5 |       0 |  212965 |   0.0 |       0 |      72 |   0.0 |  3846
       Abyss:2 |   17766 |    2499 |  87.7 |      42 |       9 |  82.4 |   802
        Bailey |       0 |    2858 |   0.0 |       0 |      18 |   0.0 |   416
         IceCv |       0 |    5379 |   0.0 |       0 |      20 |   0.0 |   764
       Volcano |       0 |    5321 |   0.0 |       0 |      22 |   0.0 |   706
               +---------+---------+-------+---------+---------+-------+---------
